 Dungeon Crawl Stone Soup version 0.19.1 (webtiles) character file.

1096 Haldmier the Vexing (level 8, -1/41 HPs)
             Began as a Deep Elf Enchanter on Nov 26, 2016.
             Slain by a bullfrog (4 damage)
             ... on level 6 of the Dungeon.
             The game lasted 00:32:47 (6843 turns).

Haldmier the Vexing (Deep Elf Enchanter)            Turns: 6843, Time: 00:32:47

Health: -1/41      AC:  5    Str:  5    XL:     8   Next: 10%
Magic:  2/14       EV: 13    Int: 23    God:
Gold:   205        SH:  0    Dex: 15    Spells: 5 memorised, 1 level left

rFire  + . .     SeeInvis .     y - +1 short sword (venom)
rCold  . . .     Gourm    .     b - +1 robe
rNeg   . . .     Faith    .     (no shield)
rPois  .         Spirit   .     L - +0 helmet
rElec  .         Reflect  .     f - +0 cloak
rCorr  .         Harm     .     (no gloves)
MR     .....                    (no boots)
Stlth  ++........               (no amulet)
                                z - ring of loudness (curse)
                                k - ring of protection from fire

@: no status effects
A: no striking features
a: no special abilities


You were on level 6 of the Dungeon.
You were hungry.

You visited 1 branch of the dungeon, and saw 6 of its levels.

You collected 205 gold pieces.

Inventory:

Hand Weapons
 a - a +1 dagger
 t - a +1 dagger of protection
 y - a +1 short sword of venom (weapon)
 F - a +0 dagger of draining
Missiles
 B - 5 tomahawks (quivered)
Armour
 b - a +1 robe (worn)
 f - a +0 cloak (worn)
 s - a +2 ring mail of fire resistance
 K - a +0 shield
 L - a +0 helmet (worn)
 M - a cursed +0 buckler
Jewellery
 k - a ring of protection from fire (left hand)
 m - a cursed amulet of rage
 p - an uncursed ring of protection from cold
 z - a cursed ring of loudness (right hand)
 E - an uncursed amulet of faith
Wands
 J - a wand of slowing (45/48)
Scrolls
 e - 2 scrolls of remove curse
 g - a scroll of amnesia
 h - 2 scrolls of enchant weapon
 j - 3 scrolls of teleportation
 l - 5 scrolls of recharging
 x - a scroll of magic mapping
 O - a scroll of fog
Potions
 i - a potion of haste {unknown}
 o - 3 potions of might {unknown}
 r - 2 potions of flight {unknown}
 u - a potion of brilliance {unknown}
 v - a potion of invisibility {unknown}
 A - a potion of ambrosia {unknown}
 C - a potion of cancellation {unknown}
 D - 2 potions of heal wounds {unknown}
 I - a potion of curing {unknown}
 N - a potion of lignification {unknown}
 P - a potion of agility {unknown}
Books
 c - a book of Maledictions

   Spells                             Type                      Level
   a - Corona                         Hexes                        1
   b - Ensorcelled Hibernation        Hexes/Ice                    2
   c - Confuse                        Hexes                        3
   d - Tukima's Dance                 Hexes                        3
   e - Dazzling Spray                 Conjuration/Hexes            3
 H - a book of Misfortune

   Spells                             Type                      Level
   a - Confusing Touch                Hexes                        1
   b - Confuse                        Hexes                        3
   c - Gell's Gravitas                Hexes/Translocation          3
   d - Petrify                        Transmutation/Earth          4
   e - Metabolic Englaciation         Hexes/Ice                    5
   f - Yara's Violent Unravelling     Hexes/Transmutation          5
Comestibles
 d - 5 bread rations
 n - a slice of pizza
 q - a royal jelly
 w - 4 meat rations


   Skills:
 + Level 4.2 Short Blades
 - Level 2.4 Dodging
 + Level 6.9 Stealth
 + Level 1.2 Shields
 - Level 3.0 Spellcasting
 + Level 3.7 Conjurations
 + Level 7.0 Hexes
 - Level 4.0 Ice Magic


You had one spell level left.
You knew the following spells:

 Your Spells              Type           Power        Failure   Level  Hunger
a - Corona                Hex            #####..      1%          1    None
b - Ensorcelled Hibernat  Hex/Ice        ####..       1%          2    ##.....
c - Confuse               Hex            #####...     1%          3    ###....
d - Dazzling Spray        Conj/Hex       ####..       4%          3    ###....
e - Tukima's Dance        Hex            #####...     1%          3    ###....


Dungeon Overview and Level Annotations

Branches:
Dungeon (6/15)
 Temple: D:4-7

Altars:
Okawaru
Trog
Yredelemnul

Annotations:
D:5 1 runed door


Message History

Okay, then.
Casting: Ensorcelled Hibernation
Confirm with . or Enter, or press ? or * to list all spells.
Okay, then.
Okay, then.
You barely miss the bullfrog.
The bullfrog is severely wounded.
The bullfrog barely misses you.
You closely miss the bullfrog.
The bullfrog is severely wounded.
The bullfrog hits you.
* * * LOW HITPOINT WARNING * * *
The bullfrog swells and bulges.
The bullfrog hits you but does no damage.
You take 3 damage, and have 3/41 hp.
You closely miss the bullfrog.
The bullfrog is severely wounded.
The bullfrog hits you but does no damage.
The bullfrog looks more healthy.
The bullfrog hits you.
You die...

.##...##
#[##...#####........##
.####..###.##....####.########
.# ##.....#..........#
####............##
##...........# #............#
#..##........#
####..##....##..####
###....###..F@..[....#
#.....###...##...###..
#.#.....†....)...#
#....########....# ..>...#
#.#..# ##..## #.#....# ....
#........ ..# ........# .#
........#


You could see a bullfrog.

Vanquished Creatures
  Menkaure (D:4)
  An orc warrior (D:6)
  A sky beast (D:4)
  An ogre (D:3)
  A bullfrog (D:6)
  A crimson imp (D:6)
  A centaur zombie (D:4)
  2 orc priests
  2 hounds
  2 jellies
  2 orc wizards
  A bullfrog skeleton (D:5)
  Natasha (thrice) (D:4)
  A worker ant (D:4)
  A hound skeleton (D:4)
  Robin (D:4)
  A worker ant zombie (D:5)
  8 adders
  A shadow imp (D:5)
  An ooze (D:1)
  5 worms
  3 leopard geckos
  10 orcs
  6 bats
  5 giant cockroaches
  12 hobgoblins
  7 jackals
  12 kobolds
  2 quokkas (D:5)
  2 ball pythons
  2 frilled lizards
  18 goblins
  A kobold skeleton (D:5)
  9 rats (D:1)
127 creatures vanquished.

Notes
Turn   | Place    | Note
-------+----------+-------------------------------------------
     0 | D:1      | Haldmier the Deep Elf Enchanter began the quest for the Orb.
     0 | D:1      | Reached XP level 1. HP: 10/10 MP: 6/6
   396 | D:1      | Reached XP level 2. HP: 14/15 MP: 6/8
   449 | D:1      | Learned a level 2 spell: Ensorcelled Hibernation
  1274 | D:1      | Reached XP level 3. HP: 19/19 MP: 9/9
  1644 | D:2      | Learned a level 3 spell: Confuse
  1851 | D:2      | Reached skill level 1 in Ice Magic
  2394 | D:2      | Reached XP level 4. HP: 24/24 MP: 6/10
  2723 | D:3      | Reached skill level 5 in Hexes
  2864 | D:3      | Reached skill level 5 in Stealth
  2864 | D:3      | Reached XP level 5. HP: 25/28 MP: 4/11
  3810 | D:3      | Learned a level 3 spell: Dazzling Spray
  3843 | D:4      | Noticed Natasha
  4027 | D:4      | Noticed Menkaure
  4087 | D:4      | Noticed a sky beast
  4089 | D:4      | Killed a sky beast
  4089 | D:4      | Reached skill level 1 in Conjurations
  4089 | D:4      | Reached XP level 6. HP: 32/32 MP: 9/12
  4124 | D:4      | Killed Natasha
  4197 | D:4      | Noticed Natasha
  4315 | D:4      | Killed Menkaure
  4479 | D:3      | Reached skill level 6 in Hexes
  4479 | D:3      | Reached XP level 7. HP: 28/36 MP: 9/13
  4543 | D:3      | Learned a level 3 spell: Tukima's Dance
  4549 | D:4      | Killed Natasha
  4878 | D:4      | Noticed Robin
  4934 | D:4      | Killed Robin
  5036 | D:4      | Noticed Natasha
  5045 | D:4      | Killed Natasha
  5574 | D:5      | Entered Level 5 of the Dungeon
  5574 | D:5      | Found a runed door.
  5574 | D:5      | Noticed a human
  5577 | D:5      | Found a basalt altar of Yredelemnul.
  6195 | D:5      | Found a bloodstained altar of Trog.
  6223 | D:5      | Found an iron altar of Okawaru.
  6817 | D:6      | Reached skill level 1 in Shields
  6817 | D:6      | Reached XP level 8. HP: 36/41 MP: 4/14
  6822 | D:6      | Reached skill level 7 in Hexes
  6843 | D:6      | Slain by a bullfrog

Skill      XL: |  1  2  3  4  5  6  7  8 |
---------------+-------------------------+-----
Stealth        | 4 5 6 |  6.9
Ice Magic      | 1 2 3 4 |  4.0
Short Blades   | 2 3 4 |  4.2
Hexes          | 5 6 7 |  7.0
Conjurations   | 1 2 3 |  3.7
Shields        | 1 |  1.2
Dodging        | |  2.4
Spellcasting   | |  3.0

Action                   |  1- 3 |  4- 6 |  7- 9 || total
-------------------------+-------+-------+-------++-------
Melee: Dagger            |   129 |    81 |    34 ||   244
       Short sword       |       |       |    98 ||    98
 Cast: Corona            |    18 |    11 |     9 ||    38
       Ensorcelled Hiber |    14 |    32 |    30 ||    76
       Confuse           |       |     1 |    13 ||    14
       Tukima's Dance    |       |       |     1 ||     1
  Use: Scroll            |       |       |    12 ||    12
 Stab: Sleeping          |    24 |    26 |    18 ||    68
       Confused          |       |     1 |    10 ||    11
  Eat: Chunk             |     5 |     8 |     9 ||    22
Armor: Robe              |    33 |    12 |    26 ||    71
Dodge: Dodged            |    80 |    44 |    52 ||   176
